 Dungeon Crawl Stone Soup version 0.27-a0-1423-ge5d6b6ab6a (webtiles) character file.

Game seed: 2300795312728389748

1637 HAL9000 the Slicer (level 8, -13/38 HPs)
             Began as a Vine Stalker Brigand on July 2, 2021.
             Was an Initiate of Dithmenos.
             Killed from afar by Maggie (24 damage)
             ... with a bolt of fire
             ... on level 6 of the Dungeon.
             The game lasted 00:14:43 (6350 turns).

HAL9000 the Slicer (Vine Stalker Brigand)           Turns: 6350, Time: 00:14:44

Health: -13/38     AC:  9    Str: 17    XL:     8   Next: 98%
Magic:  0/9        EV: 11    Int: 14    God:    Dithmenos [......]
Gold:   313        SH:  5    Dex: 15    Spells: 7/7 levels left

rFire    . . .     SeeInvis .   v - +2 dagger (venom)
rCold    . . .     Faith    .   (no shield)
rNeg     . . .     Spirit   +   t - +0 leather armour
rPois    .         Reflect  +   d - +1 helmet {Int+3}
rElec    .         Harm     .   q - +2 cloak
rCorr    .         Rampage  .   (no gloves)
Will     ++...                  c - +0 pair of boots
Stlth    ++++......             h - amulet of reflection
HPRegen  1.12/turn              I - ring of willpower
MPRegen  0.11/turn              (no ring)

@: no status effects
A: fangs 3, regeneration 1, magic shield, antimagic bite, no potion heal 2
a: Renounce Religion


You were on level 6 of the Dungeon.
You worshipped Dithmenos.
Dithmenos was noncommittal.
You visited 2 branches of the dungeon, and saw 7 of its levels.
You also visited: Ossuary.

You collected 313 gold pieces.

Inventory:

Hand Weapons
 v - a +2 dagger of venom (weapon)
Missiles
 a - 6 boomerangs
 m - an atropa-tipped dart (quivered)
 n - 20 poisoned darts
Armour
 b - a +0 robe
 c - a +0 pair of boots (worn)
 d - a +1 helmet of intelligence (worn)
 q - a +2 cloak (worn)
 t - a +0 leather armour (worn)
 y - a scarf of shadows
Jewellery
 h - an amulet of reflection (around neck)
 C - a ring of ice
 F - an amulet of faith
 I - a ring of willpower (left hand)
Wands
 e - a wand of flame (3)
 u - a wand of iceblast (10)
 K - a wand of paralysis (11)
Scrolls
 i - 2 scrolls of silence {unknown}
 j - a scroll of noise {unknown}
 o - a scroll of identify
 p - 2 scrolls of immolation {unknown}
 s - 3 scrolls of teleportation {unknown}
 x - 2 scrolls of fog
 A - a scroll of summoning {unknown}
 D - a scroll of blinking
 G - a scroll of fear {unknown}
 H - 2 scrolls of amnesia {unknown}
 J - a scroll of enchant weapon {unknown}
Potions
 f - 2 potions of berserk rage
 g - 2 potions of heal wounds {unknown}
 k - 2 potions of brilliance
 l - 5 potions of lignification {unknown}
 r - 3 potions of curing {unknown}
 w - 4 potions of attraction
 z - a potion of invisibility {unknown}
 E - a potion of flight {unknown}


   Skills:
 - Level 1.7 Fighting
 + Level 8.9 Short Blades
 - Level 3.1 Throwing
 - Level 0.7 Dodging
 - Level 8.1 Stealth


You had 7 spell levels left.
You didn't know any spells.
Your spell library contained the following spells:

 Spells                   Type           Power      Damage    Failure   Level
 Foxfire                  Conj/Fire      0%         2x1d4     34%         1
 Pain                     Necr           0%         1d4       34%         1
 Sting                    Tmut/Pois      0%         1d3       34%         1
 Blink                    Tloc           N/A        N/A       47%         2
 Poisonous Vapours        Pois/Air       0%         N/A       47%         2
 Static Discharge         Conj/Air       0%         N/A       47%         2
 Sublimation of Blood     Necr           0%         N/A       47%         2
 Wereblood                Tmut           0%         N/A       47%         2
 Call Canine Familiar     Summ           0%         N/A       71%         3
 Conjure Flame            Conj/Fire      0%         6-21      71%         3
 Inner Flame              Hex/Fire       0%         N/A       71%         3
 Lesser Beckoning         Tloc           0%         N/A       71%         3
 Ozocubu's Armour         Ice            0%         N/A       71%         3
 Portal Projectile        Hex/Tloc       0%         N/A       71%         3
 Dispel Undead            Necr           0%         3d6       98%         4
 Leda's Liquefaction      Hex/Erth       0%         N/A       98%         4
 Olgreb's Toxic Radiance  Pois           0%         N/A       98%         4
 Passage of Golubria      Tloc           N/A        N/A       98%         4
 Sticky Flame             Conj/Fire      0%         2d3       98%         4
 Agony                    Necr           0%         N/A       100%        5
 Excruciating Wounds      Necr           0%         N/A       100%        5
 Manifold Assault         Tloc           0%         N/A       100%        5
 Metabolic Englaciation   Hex/Ice        0%         N/A       100%        5
 Silence                  Hex/Air        0%         N/A       100%        5
 Simulacrum               Ice/Necr       0%         N/A       100%        6
 Summon Hydra             Summ           0%         N/A       100%        7
 Lehudib's Crystal Spear  Conj/Erth      0%         10d2      100%        8


Dungeon Overview and Level Annotations

Branches:
Dungeon (6/15)             Temple (1/1) D:5         Ossuary (visited)

Altars:
Ashenzari
Cheibriados
Dithmenos
Elyvilon
Fedhas
Makhleb
Nemelex Xobeh
Qazlal
Ru
Trog
Uskayaw
Wu Jian
Xom
Yredelemnul
Zin
The Shining One

Annotations:
D:6 Maggie, Pikel


Innate Abilities, Weirdness & Mutations

You have razor-sharp teeth.
Your natural rate of healing is unusually fast.
When hurt, damage is shared between your health and your magic reserves.
Your bite disrupts and absorbs the magic of your enemies.
Potions cannot restore your health.


Message History

You strike the helpless Maggie from behind!
You impale Maggie!!
Maggie looks as sick as possible!
You bite Maggie, but do no damage.
Maggie is heavily wounded.
Maggie points at you and mumbles some strange words.
The bolt of fire hits you!
You are too injured to fight recklessly!
You hit Maggie but do no damage.
Maggie looks as sick as possible!
Maggie is heavily wounded.
You hit Maggie.
Maggie is heavily wounded.
Maggie is no longer blind.
Maggie points at you and mumbles some strange words.
The bolt of fire hits you!
* * * LOW HITPOINT WARNING * * *
You hit Maggie but do no damage.
Maggie looks as sick as possible!
You bite Maggie, but do no damage.
Maggie is severely wounded.
You barely miss Maggie.
Maggie is severely wounded.
Maggie gestures wildly while chanting.
Maggie attempts to bespell you! You resist with almost no effort.
You closely miss Maggie.
Maggie is severely wounded.
Maggie completely misses you.
You hit Maggie but do no damage.
Maggie looks as sick as possible!
Maggie is severely wounded.
You closely miss Maggie.
Maggie is severely wounded.
Maggie casts a spell.
Maggie attempts to bespell you! You resist with almost no effort.
You hit Maggie.
Maggie looks as sick as possible!
Your bite misses Maggie.
Maggie is almost dead.
You hit Maggie but do no damage.
Maggie looks as sick as possible!
Your bite misses Maggie.
Maggie is almost dead.
Maggie gestures at you while chanting. The bolt of fire hits you!!
Ouch! That really hurt!
You die...

#. ...#.#.. #............#
.#.##......###.........#..#
................##.....#.## .
.......##.........##.....#
..#.....#............##....#
... #...#..................#
#..#.....................##
.#........................#
................@.........#
....###..........@........## .#
#..............(..........# ..
##.......................# ..
#..##..........(........#####.#
#.. #.............†.....†#..#.#
... #..............##.........#
... #.##.#.......###......#(#.#
......$....#.......#
##....##..##


You could see Maggie (extremely poisoned).

Vanquished Creatures
  2 centaur zombies
  Sigmund (D:2)
  Duvessa (D:4)
  A lemure (D:6)
  A phantom (D:5)
  An elf zombie (Ossuary)
  2 scorpions
  Dowan (D:4)
  2 hounds
  A human zombie (Ossuary)
  A jelly (D:5)
  6 orc priests
  Crazy Yiuf (D:2)
  Ijyb (D:3)
  5 iguanas
  2 hound skeletons (D:4)
  2 mummies (Ossuary)
  Robin (D:2)
  4 adders
  An ufetubus (D:4)
  3 worms
  15 orcs
  12 ball pythons
  8 endoplasms
  4 giant cockroaches
  12 goblins
  7 hobgoblins
  5 jackals
  6 kobolds
  5 quokkas
  6 bats
  2 frilled lizards
  2 goblin zombies (Ossuary)
  8 hobgoblin zombies (Ossuary)
  A jackal zombie (Ossuary)
  11 kobold zombies (Ossuary)
  8 orc zombies (Ossuary)
  5 rats
  3 rat zombies (Ossuary)
160 creatures vanquished.

Notes
Turn   | Place    | Note
-------+----------+-------------------------------------------
     0 | D:1      | HAL9000 the Vine Stalker Brigand began the quest for the
                  | Orb.
     0 | D:1      | Reached XP level 1. HP: 11/11 MP: 2/2
   193 | D:1      | Reached XP level 2. HP: 15/15 MP: 3/3
   707 | D:1      | Reached XP level 3. HP: 15/18 MP: 4/4
  1359 | D:2      | Noticed Sigmund
  1361 | D:2      | Killed Sigmund
  1362 | D:2      | Gained mutation: Your natural rate of healing is unusually
                  | fast. [Vine Stalker growth]
  1362 | D:2      | Reached XP level 4. HP: 23/23 MP: 5/5
  1362 | D:2      | Reached XP level 5. HP: 26/26 MP: 6/6
  1475 | D:2      | Noticed Robin
  1548 | D:2      | Killed Robin
  1778 | D:2      | Reached XP level 6. HP: 30/30 MP: 7/7
  1875 | D:2      | Found a glowing golden altar of the Shining One.
  1938 | D:2      | Found a runed translucent door.
  1939 | D:2      | Noticed Crazy Yiuf
  2083 | D:2      | Killed Crazy Yiuf
  2798 | D:3      | Found a faded altar of an unknown god.
  2837 | D:3      | Noticed Ijyb
  2841 | D:3      | Killed Ijyb
  3375 | D:4      | Reached XP level 7. HP: 34/34 MP: 8/8
  3978 | D:4      | Noticed Duvessa
  3981 | D:4      | Noticed Dowan
  4035 | D:4      | Killed Duvessa
  4036 | D:4      | Reached skill level 5 in Short Blades
  4039 | D:4      | Killed Dowan
  4156 | D:5      | Entered Level 5 of the Dungeon
  4308 | D:5      | Gained mutation: You have razor-sharp teeth. [Vine Stalker
                  | growth]
  4308 | D:5      | Reached XP level 8. HP: 24/38 MP: 9/9
  4557 | D:5      | Found a sand-covered staircase.
  4642 | D:5      | Found a hide-covered altar of Uskayaw.
  4685 | Ossuary  | Entered an ossuary
  5023 | D:5      | Found a staircase to the Ecumenical Temple.
  5035 | Temple   | Entered the Ecumenical Temple
  5322 | Temple   | Became a worshipper of Dithmenos the Shadowed
  5694 | D:5      | Found a sacrificial altar of Ru.
  5694 | D:5      | Found a glowing golden altar of the Shining One.
  5695 | D:5      | Found a shimmering altar of Xom.
  6154 | D:6      | Noticed Maggie
  6155 | D:6      | Noticed Pikel
  6350 | D:6      | Killed from afar by Maggie

Illustrated notes

Levels and vault maps discovered:
D:1:      dpeg_arrival_leaves_temple_mockup, layout_basic,
          hangedman_decor_clover_reticule
D:2:      layout_rooms, basic_altar, uniq_crazy_yiuf_cottage, uniq_sigmund,
          uniq_robin
D:3:      layout_basic, shapermc_ecumenical_altar_totnotflames, uniq_ijyb
D:4:      layout_loops_ring, hangedman_decor_diamond_cutter,
          kennysheep_generic_room_12, uniq_duvessa
D:5:      layout_layer_cave, gammafunk_temple_overflow_claw,
          nicolae_uskayaw_dance_hall, minmay_temple_entry_purple_smoke,
          nicolae_ossuary_entry_false_entrances
D:6:      layout_cave_pools, uniq_pikel, uniq_maggie
Temple:   hc_temple_tempest_star

Skill      XL: |  1  2  3  4  5  6  7  8 |
---------------+-------------------------+-----
Throwing       | 2 3 |  3.1
Short Blades   | 2 4 6 8 |  8.9
Stealth        | 7 8 |  8.1
Fighting       | |  1.7
Dodging        | |  0.7

Action                   |  1- 3 |  4- 6 |  7- 9 || total
-------------------------+-------+-------+-------++-------
Melee: Dagger            |    65 |   156 |   270 ||   491
       Bite              |    10 |    43 |    96 ||   149
Throw: Boomerang         |     5 |       |       ||     5
       Dart              |     1 |    30 |    18 ||    49
  Use: Scroll            |       |       |     5 ||     5
 Stab: Sleeping          |     9 |     8 |    15 ||    32
       Invisible         |       |     1 |     1 ||     2
Armor: Robe              |    22 |    20 |       ||    42
       Leather armour    |       |    11 |    54 ||    65
Dodge: Dodged            |    42 |    66 |    73 ||   181
Block: Other             |     5 |    22 |    39 ||    66

Table legend: (Time is in decaauts)
 A = Elapsed time spent in this place.
 B = Non-inter-level travel time spent in this place.
 C = Inter-level travel time spent in this place.
 D = Time resting spent in this place.
 E = Time spent auto-exploring this place.
 F = Levels seen in this place.
 G = Mean time per level.
                   A        B        C        D        E       F      G
               +--------+--------+--------+--------+--------+-----+--------+
         Total |   6220 |   5930 |    290 |    435 |   4164 |   8 |  777.5 |
       Dungeon |   5692 |   5442 |    250 |    435 |   3869 |   6 |  948.7 |
        Temple |    297 |    257 |     40 |      0 |    252 |   1 |  297.0 |
       Ossuary |    230 |    230 |      0 |      0 |     43 |   1 |  230.0 |
               +--------+--------+--------+--------+--------+-----+--------+

Top non-repeatable levels by time:
     D:1: 1354 daAuts
     D:5: 1313 daAuts
     D:4: 958 daAuts
     D:3: 956 daAuts
     D:2: 845 daAuts
  Temple: 297 daAuts
     D:6: 264 daAuts
 Ossuary: 230 daAuts
